 Dungeon Crawl Stone Soup version 0.29.1-15-g9cfb28693d (webtiles) character file.

Game seed: 3976080477450996439

24252 boopmooplesden the Spear-Bearer (level 12, -4/112 HPs)
             Began as a Minotaur Fighter on Mar 10, 2023.
             Was an Elder of Trog.
             Slain by an eight-headed hydra (7 damage)
             ... on level 2 of the Lair of Beasts.
             The game lasted 00:20:32 (16969 turns).

boopmooplesden the Spear-Bearer (Minotaur Fighter) Turns: 16969, Time: 00:20:32

Health: -4/112     AC: 19    Str: 28    XL:     12   Next: 79%
Magic:  11/11      EV:  9    Int:  4    God:    Trog [****..]
Gold:   946        SH: 10    Dex: 15    Spells: 11/11 levels left

rFire   . . .      SeeInvis .   E - +3 trident (venom)
rCold   . . .      Faith    .   r - +3 buckler
rNeg    + . .      Spirit   .   K - +1 plate armour
rPois   .          Reflect  .   (helmet restricted)
rElec   .          Harm     .   g - scarf {shadows}
rCorr   .          Rampage  .   l - +0 pair of gloves
Will    ++...                   (no boots)
Stlth   ..........              (no amulet)
HPRegen 1.28/turn               s - ring of positive energy
MPRegen 0.12/turn               d - +6 ring of strength

@: about to teleport, strong-willed, on berserk cooldown, regenerating, slowed,
very slow
A: horns 2, retaliatory headbutt, agile 1, weak 1
a: Renounce Religion, Berserk, Trog's Hand, Brothers in Arms


You were on level 2 of the Lair of Beasts.
You worshipped Trog.
Trog was greatly pleased with you.
You visited 3 branches of the dungeon, and saw 15 of its levels.
You also visited: Bailey.

You collected 991 gold pieces.
You spent 45 gold pieces at shops.

Inventory:

Hand Weapons
 a - a +1 trident of freezing
 c - a +0 glaive
 E - a +3 trident of venom (weapon)
 L - a +0 vorpal spear
Missiles
 e - 13 boomerangs (quivered)
 p - 8 throwing nets
Armour
 f - a +0 chain mail
 g - a scarf of shadows (worn)
 l - a +0 pair of gloves (worn)
 r - a +3 buckler (worn)
 y - a +4 scale mail of poison resistance
 D - a +1 ring mail of cold resistance
 K - a +1 plate armour (worn)
Jewellery
 d - a +6 ring of strength (right hand)
 s - a ring of positive energy (left hand)
 u - an amulet of magic regeneration
 x - an amulet of guardian spirit
 M - a +6 ring of strength
 N - an amulet of faith
 T - a ring of ice
Wands
 v - a wand of polymorph (11)
 F - a wand of mindburst (6)
 P - a wand of flame (16)
 S - a wand of iceblast (2)
Scrolls
 b - a scroll of brand weapon
 h - 7 scrolls of teleportation
 k - 2 scrolls of magic mapping
 m - 7 scrolls of identify
 q - 2 scrolls of noise
 J - 3 scrolls of fog
 Q - a scroll of enchant armour
 R - 2 scrolls of immolation
Potions
 i - 6 potions of curing
 j - 6 potions of attraction
 n - 2 potions of mutation
 o - 4 potions of degeneration
 w - 2 potions of lignification
 z - 4 potions of brilliance
 A - 4 potions of flight
 B - a potion of cancellation
 C - 2 potions of haste
 G - 3 potions of might
 H - 3 potions of heal wounds
 I - 2 potions of ambrosia
 O - 2 potions of magic {unknown}
Miscellaneous
 t - a lightning rod (1/4)


   Skills:
 + Level 11.9 Fighting
 + Level 14.5 Polearms
 + Level 2.0 Throwing
 + Level 14.2 Armour
 + Level 4.0 Dodging
 + Level 2.5 Stealth
 + Level 11.0 Shields
 + Level 0.5 Unarmed Combat
 + Level 0.2 Evocations


You had 11 spell levels left.
You didn't know any spells.
Your spell library was empty.

Dungeon Overview and Level Annotations

Branches:
Dungeon (12/15)            Temple (1/1) D:4            Lair (2/5) D:8
    Orc (0/2) D:11         Bailey (visited)
  Swamp: Lair:2-3    Shoals: Lair:2-3     Snake: Lair:2-3    Spider: Lair:2-3

Altars:
Ashenzari
Cheibriados
Dithmenos
Elyvilon
Fedhas
Gozag
Hepliaklqana
Kikubaaqudgha
Makhleb
Nemelex Xobeh
Okawaru
Qazlal
Ru
Sif Muna
Trog
Uskayaw
Vehumet
Wu Jian
Xom
Yredelemnul
Zin
The Shining One

Shops:
D:3 ?   D:4 *:!   D:9 (   D:10 ((   D:11 [   D:12 (

Annotations:
D:6 Maggie


Innate Abilities, Weirdness & Mutations

You have a pair of horns on your head.
You reflexively headbutt those who attack you in melee.
You are agile. (Dex +4, Str/Int -1)
You are weak. (Str -2)


Message History

The eight-headed hydra bites you but does no damage. x2
The eight-headed hydra bites you.
You hit the eight-headed hydra.
The eight-headed hydra is severely wounded.
The eight-headed hydra bites you but does no damage. x3
The eight-headed hydra bites you.
* * * LOW HITPOINT WARNING * * *
The eight-headed hydra bites you but does no damage.
The eight-headed hydra bites you.
* * * LOW HITPOINT WARNING * * *
The eight-headed hydra bites you!
* * * LOW HITPOINT WARNING * * *
The eight-headed hydra barely misses you.
As you read the scroll of teleportation, it crumbles to dust.
You feel strangely unstable.
The eight-headed hydra bites you but does no damage. x4
The eight-headed hydra bites you!
* * * LOW HITPOINT WARNING * * *
The eight-headed hydra closely misses you.
You block the eight-headed hydra's attack.
The eight-headed hydra bites you but does no damage.
You block the eight-headed hydra's attack. x3
The eight-headed hydra completely misses you.
The eight-headed hydra bites you!
* * * LOW HITPOINT WARNING * * *
The eight-headed hydra closely misses you.
The eight-headed hydra bites you but does no damage.
The eight-headed hydra bites you.
* * * LOW HITPOINT WARNING * * *
You feel much better.
The eight-headed hydra barely misses you.
You block the eight-headed hydra's attack.
The eight-headed hydra bites you!
* * * LOW HITPOINT WARNING * * *
The eight-headed hydra bites you!
* * * LOW HITPOINT WARNING * * *
You block the eight-headed hydra's attack.
The eight-headed hydra bites you but does no damage.
The eight-headed hydra bites you!
You die...

..... ..##
#...!#.##..## ##
...........P# ###P###
........#...#####.#...#
........#..##..........
.....|..#..............
...........#.......>...
.....D@.#..............
........+..............
........#.....(........
#....#..#..#.).........
..........###.....>....
.......#..# #.....#.###
##..+.###.# ##P....##
## #######


You could see an eight-headed hydra (very poisoned).

Vanquished Creatures
  The ghost of Seidenschwarz the Severer, a journeyman MiFi of Okawaru (Lair:1)
  Harold (Lair:2)
  A boulder beetle (D:12)
  Fannar (Lair:2)
  2 two-headed ogres
  A centaur warrior (D:10)
  The ghost of Wentworth the Frost Mage, a journeyman VSIE of Gozag (D:9)
  Nergalle (Lair:1)
  Sonja (Lair:2)
  A skeletal warrior (D:10)
  An orc knight (Bailey)
  A deep elf zephyrmancer (Bailey)
  A deep elf pyromancer (D:12)
  2 cyclopes (D:10)
  A manticore (D:12)
  A guardian serpent (shapeshifter) (D:10)
  A black mamba (Lair:1)
  4 cane toads
  5 elephants (Lair:2)
  A gargoyle (D:11)
  2 komodo dragons
  3 trolls
  A hornet (D:7)
  3 blink frogs (Lair:2)
  A shadow (D:8)
  Sigmund (D:6)
  A vampire (D:12)
  4 wyverns
  11 yaks
  A basilisk (Lair:1)
  6 wraiths
  2 steam dragons
  4 water moccasins
  2 black bears (D:8)
  An ice beast (D:8)
  9 orc warriors
  A sky beast (D:7)
  4 wolves (Lair:2)
  6 ogres
  4 centaurs
  2 phantoms
  2 kobold brigands
  9 bullfrogs
  2 gnoll sergeants
  3 scorpions
  A necrophage (D:6)
  7 wights (D:8)
  10 killer bees
  A howler monkey (D:6)
  7 hounds
  2 gnoll boudas
  6 orc priests
  A jelly (D:6)
  An iguana (D:6)
  Ijyb (D:3)
  12 orc wizards
  6 adders
  16 gnolls
  A white imp (D:6)
  2 ufetubi (D:5)
  2 worms
  58 orcs
  6 endoplasms
  4 giant cockroaches
  6 hobgoblins
  2 jackals (D:3)
  15 kobolds
  2 quokkas
  9 ball pythons
  4 bats
  8 frilled lizards
  13 goblins
  6 rats
323 creatures vanquished.

Vanquished Creatures (others)
  A wight (D:8)
  19 fungi
  16 plants
36 creatures vanquished.

Grand Total: 359 creatures vanquished

Notes
Turn   | Place    | Note
-------+----------+-------------------------------------------
     0 | D:1      | boopmooplesden the Minotaur Fighter began the quest for the
                  | Orb.
     0 | D:1      | Reached XP level 1. HP: 19/19 MP: 0/0
   224 | D:1      | Found a faded altar of an unknown god.
   289 | D:1      | Reached XP level 2. HP: 26/27 MP: 1/1
  1122 | D:2      | Reached XP level 3. HP: 28/33 MP: 2/2
  1627 | D:3      | Reached XP level 4. HP: 40/40 MP: 3/3
  1661 | D:3      | Found Yrghal's Magic Scroll Shop.
  1703 | D:3      | Found an opulent altar of Gozag.
  2169 | D:3      | Noticed Ijyb
  2184 | D:3      | Killed Ijyb
  2185 | D:3      | Reached skill level 1 in Dodging
  2185 | D:3      | Reached XP level 5. HP: 23/46 MP: 4/4
  2402 | D:3      | Gained mutation: You are agile. (Dex +4, Str/Int -1)
                  | [potion of mutation]
  2402 | D:3      | Gained mutation: You are weak. (Str -2) [potion of
                  | mutation]
  3002 | D:3      | Reached skill level 5 in Armour
  3336 | D:4      | Reached XP level 6. HP: 46/53 MP: 5/5
  3402 | D:4      | Found a staircase to the Ecumenical Temple.
  3418 | Temple   | Entered the Ecumenical Temple
  3428 | Temple   | Became a worshipper of Trog the Wrathful
  3462 | D:4      | Found Vunass Vome's General Store.
  3469 | D:4      | Bought a +0 pair of gloves for 45 gold pieces
  3503 | D:4      | Reached skill level 5 in Polearms
  3699 | D:4      | Found Afaetzom's Book Emporium.
  3990 | D:4      | Found Runad's Distillery.
  4345 | D:4      | Reached XP level 7. HP: 60/60 MP: 6/6
  4474 | D:5      | Entered Level 5 of the Dungeon
  4653 | D:5      | Reached skill level 5 in Fighting
  4718 | D:5      | Reached skill level 5 in Shields
  5118 | D:5      | Reached * piety under Trog
  5125 | D:5      | Reached XP level 8. HP: 25/69 MP: 7/7
  6459 | D:6      | Noticed Sigmund
  6481 | D:6      | Killed Sigmund
  6482 | D:6      | Reached skill level 1 in Stealth
  6787 | D:6      | Reached skill level 1 in Throwing
  6923 | D:6      | Noticed Maggie
  7215 | D:7      | Reached XP level 9. HP: 75/75 MP: 8/8
  7449 | D:7      | Found a flagged portal.
  7469 | Bailey   | Entered a bailey
  7483 | Bailey   | Reached ** piety under Trog
  7911 | Bailey   | Found a large runed translucent door.
  7911 | Bailey   | Found a large runed translucent door.
  7911 | Bailey   | Noticed a deep elf zephyrmancer
  7912 | Bailey   | Noticed an orc knight
  7934 | Bailey   | Killed an orc knight
  8160 | Bailey   | Killed a deep elf zephyrmancer
  8161 | Bailey   | Reached skill level 10 in Armour
  8365 | D:7      | Paralysed by a hornet for 3 turns
  8818 | D:8      | Reached XP level 10. HP: 86/86 MP: 9/9
  8858 | D:8      | Reached skill level 10 in Polearms
  9197 | D:8      | Found a staircase to the Lair.
 10056 | D:9      | Noticed Wentworth's ghost (journeyman VSIE)
 10057 | D:9      | Found a transporter.
 10115 | D:9      | Found Zic Ohuq's Antique Weapon Emporium.
 10303 | D:9      | Found a transporter.
 10632 | D:9      | Found a snail-covered altar of Cheibriados.
 10632 | D:9      | Found a hide-covered altar of Uskayaw.
 10639 | D:9      | Found a blossoming altar of Fedhas.
 10642 | D:9      | Found an iron altar of Okawaru.
 10644 | D:9      | Found a glowing golden altar of the Shining One.
 10649 | D:9      | Found an ornate altar of the Wu Jian Council.
 10759 | D:9      | Killed Wentworth's ghost
 10815 | D:10     | Entered Level 10 of the Dungeon
 11049 | D:10     | Noticed a cyclops
 11313 | D:10     | Noticed a guardian serpent
 11326 | D:10     | Killed a guardian serpent
 11525 | D:10     | Killed a cyclops
 11526 | D:10     | Reached XP level 11. HP: 97/97 MP: 10/10
 11591 | D:10     | Noticed a skeletal warrior
 11610 | D:10     | Killed a skeletal warrior
 11869 | D:10     | Noticed a centaur warrior
 11878 | D:10     | Killed a centaur warrior
 11890 | D:10     | Reached *** piety under Trog
 12748 | D:10     | Found Egaz's Weapon Boutique.
 12778 | D:10     | Found Vonye's Firing Range.
 12948 | D:11     | Found a staircase to the Orcish Mines.
 12953 | D:11     | Reached **** piety under Trog
 13453 | D:11     | Noticed a two-headed ogre
 13465 | D:11     | Killed a two-headed ogre
 13683 | D:11     | Found Agopn's Antique Armour Emporium.
 14039 | D:12     | Noticed a two-headed ogre
 14044 | D:12     | Killed a two-headed ogre
 14045 | D:12     | Reached skill level 10 in Fighting
 14146 | D:12     | Found Funib's Weapon Boutique.
 14291 | D:12     | Noticed a boulder beetle
 14307 | D:12     | Killed a boulder beetle
 14444 | D:12     | Noticed a deep elf pyromancer
 14451 | D:12     | Killed a deep elf pyromancer
 14452 | D:12     | Reached skill level 10 in Shields
 14452 | D:12     | Reached XP level 12. HP: 64/106 MP: 11/11
 14780 | Lair:1   | Entered Level 1 of the Lair of Beasts
 15424 | Lair:1   | Noticed Nergalle
 15435 | Lair:1   | Killed Nergalle
 15664 | Lair:1   | Found a runed translucent door.
 15666 | Lair:1   | Noticed Seidenschwarz's ghost (journeyman MiFi)
 16004 | Lair:1   | Killed Seidenschwarz's ghost
 16145 | Lair:2   | Noticed Harold
 16158 | Lair:2   | Killed Harold
 16421 | Lair:2   | Noticed Sonja
 16424 | Lair:2   | Killed Sonja
 16935 | Lair:2   | Noticed Fannar
 16941 | Lair:2   | Killed Fannar
 16958 | Lair:2   | Noticed an eight-headed hydra
 16968 | Lair:2   | HP: 5/112 [eight-headed hydra (3)]
 16969 | Lair:2   | Slain by an eight-headed hydra

Illustrated notes

Levels and vault maps discovered:
D:1:      saegor_arrival_under_anarchy, layout_basic,
          hellmonk_ecumenical_altar_crossroads, kennysheep_pointless_box,
          st_stairs_3
D:2:      layout_rooms, minmay_lizard_pond
D:3:      layout_loops_cross, nicolae_gozag_seed_capital, serial_shops,
          nicolae_shop_stone, minmay_shallow_snake_nest, uniq_ijyb
D:4:      nicolae_cairo_tiling_very_big, layout_basic, serial_shops, shop,
          shop_statue, shop, minmay_misc_feat_alley, minmay_unequal
D:5:      layout_layer_cave, kennysheep_nondescript, dreamdust_mushroom_princess
D:6:      layout_basic, uniq_sigmund, uniq_maggie
D:7:      layout_basic, enter_bailey_3, grunt_decor_arrowhead
D:8:      layout_loops_ring, grunt_lair_entry_orc_guard_hut, glass_columns_b,
          hangedman_abyss_or_decor_clamps,
          nicolae_concentric_dashed_squares_mild, minivault_27,
          lemuel_flame_loot_1
D:9:      layout_cave_pools, nicolae_overflow_hallway_of_the_gods,
          gammafunk_ghost_arena, serial_shops, nicolae_shop_advertising_works
          [nicolae_subvault_shop_adworks], kennysheep_generic_room_6
D:10:     minmay_distorted_concentric_squares, layout_basic, serial_shops,
          nicolae_shop_hallway_plus, hangedman_decor_opposing,
          nicolae_shop_firing_range
D:11:     layout_long_grid, erik_orc_3, serial_shops, shop
D:12:     layout_basic, serial_shops, nicolae_shop_bloodbath_and_beyond
Temple:   nicolae_temple_no_exploring_needed
Lair:1:   layout_chaotic_city, ebering_ghost_inner_flame, grunt_megastairs_4,
          uniq_nergalle
Lair:2:   layout_roguey, nicolae_spider_entry_orb_guardian, minivault_25,
          grunt_megastairs_2, uniq_harold, uniq_fannar, uniq_sonja

Skill      XL: |  1  2  3  4  5  6  7  8  9 10 11 12 |
---------------+-------------------------------------+-----
Armour         | 4 5 6 8 10 11 13 14 | 14.2
Shields        | 4 5 6 7 8 10 11 | 11.0
Polearms       | 3 4 5 7 8 9 11 13 14 | 14.5
Fighting       | 4 5 6 7 9 10 11 | 11.9
Dodging        | 1 2 3 4 |  4.0
Stealth        | 1 2 |  2.5
Throwing       | 1 2 |  2.0
Unarmed Combat | |  0.5
Evocations     | |  0.2

Action                   |  1- 3 |  4- 6 |  7- 9 | 10-12 || total
-------------------------+-------+-------+-------+-------++-------
Melee: Trident           |    85 |   124 |   231 |   613 ||  1053
       Headbutt          |     6 |    14 |    37 |   126 ||   183
       Unarmed           |       |     8 |       |       ||     8
Throw: Boomerang         |       |       |    12 |       ||    12
Invok: Berserk           |       |       |     7 |     7 ||    14
       Trog's Hand       |       |       |       |     1 ||     1
Evoke: Lightning rod     |       |       |       |     3 ||     3
       Wand              |       |       |       |     2 ||     2
  Use: Scroll            |       |     9 |     7 |     9 ||    25
       Potion            |       |     3 |     4 |     1 ||     8
Armor: Scale mail        |    43 |    51 |       |       ||    94
       Chain mail        |       |    29 |   131 |    33 ||   193
       Plate armour      |       |       |       |   197 ||   197
Dodge: Dodged            |    58 |    69 |   104 |   184 ||   415
Block: Buckler           |    27 |    29 |    98 |   228 ||   382
